 Dungeon Crawl Stone Soup version 0.22-a0-409-gb855193 (webtiles) character file.

4597 Mgcat the Fighter (level 10, -4/86 HPs)
             Began as a Mummy Fighter on May 10, 2018.
             Was an Initiate of Gozag.
             Engulfed by a cloud of flame (34 damage)
             ... on level 8 of the Dungeon.
             The game lasted 00:25:03 (7121 turns).

Mgcat the Fighter (Mummy Fighter)                   Turns: 7121, Time: 00:25:03

Health: -4/86      AC: 13    Str: 23    XL:     10   Next: 19%
Magic:  10/10      EV:  9    Int:  8    God:    Gozag
Gold:   1277       SH:  0    Dex: 11    Spells: 9/9 levels left

rFire    x . .     SeeInvis .   o - +4 halberd (venom)
rCold    + . .     Gourm    .   (shield currently unavailable)
rNeg     + + +     Faith    .   b - +0 scale mail
rPois    ∞         Spirit   .   k - +1 helmet
rElec    .         Reflect  .   n - +0 cloak
rCorr    .         Harm     .   (no gloves)
MR       ++...                  (no boots)
Stlth    ..........             (no amulet)
HPRegen  0.24/turn              e - +3 ring of protection
MPRegen  0.12/turn              s - ring of protection from magic {MR+, !d}

@: no status effects
A: no food or potions, fire vulnerability, cold resistance 1, negative energy
resistance 3, torment resistance, unbreathing
a: Potion Petition, Call Merchant, Bribe Branch, Renounce Religion


You were on level 8 of the Dungeon.
You worshipped Gozag.
Gozag was most pleased with you.
You were not hungry.

You visited 1 branch of the dungeon, and saw 8 of its levels.

You collected 1320 gold pieces.
You paid 43 gold pieces to Gozag.

Inventory:

Hand Weapons
 a - a +0 trident
 o - a +4 halberd of venom (weapon)
   (You took it off a gnoll on level 5 of the Dungeon)
Missiles
 m - 2 throwing nets {=f, !d}
Armour
 b - a +0 scale mail (worn)
 c - a +0 shield
 k - a +1 helmet (worn)
   (You found it on level 2 of the Dungeon)
 n - a +0 cloak (worn)
   (You took it off Crazy Yiuf on level 4 of the Dungeon)
Jewellery
 e - a +3 ring of protection (left hand)
   (You found it on level 1 of the Dungeon)
 g - an uncursed ring of stealth {Stlth+}
   (You found it on level 1 of the Dungeon)
 s - a ring of protection from magic (right hand) {MR+, !d}
   (You found it on level 7 of the Dungeon)
Wands
 i - a wand of paralysis (15)
   (You found it on level 8 of the Dungeon)
 j - a wand of iceblast (5)
   (You found it on level 8 of the Dungeon)
Scrolls
 d - 4 scrolls of identify
 f - 4 scrolls of amnesia
 h - 3 scrolls of remove curse
 l - a scroll of enchant weapon
 p - a scroll of fog {unknown}
 q - a scroll of magic mapping {!r}
 r - 2 scrolls of teleportation


   Skills:
 + Level 10.6 Fighting
 + Level 8.8 Polearms
 + Level 3.2 Armour
 - Level 3.3 Shields


You had 9 spell levels left.
You didn't know any spells.

Dungeon Overview and Level Annotations

Branches:
Dungeon (8/15)             Temple (0/1) D:4
   Lair: D:8-11

Altars:
Elyvilon
Gozag
Makhleb
Okawaru
Ru
Uskayaw
Vehumet
Xom
Yredelemnul
Zin
The Shining One


Innate Abilities, Weirdness & Mutations

You do not eat or drink.
Your flesh is vulnerable to fire.
You are immune to poison.
Your flesh is cold resistant. (rC+)
You are immune to negative energy. (rN+++)
You are immune to unholy pain and torment.
You can survive without breathing.


Message History

You puncture the adder skeleton!
You destroy the adder skeleton!
No target in view!
No target in view!
You now have 1235 gold pieces (gained 7).
Found a stone staircase leading up.
There is a stone staircase leading up here.
f - 4 scrolls of amnesia (gained 1)
There is a stone staircase leading up here.
You see here 16 arrows.
A killer bee comes into view.
The killer bee buzzes angrily.
You hear an angry buzzing noise.
The killer bee moves out of view.
A killer bee comes into view.
The killer bee barely misses you.
The killer bee stings you but does no damage.
The killer bee stings you.
You miss the killer bee. The killer bee barely misses you.
The killer bee stings you but does no damage.
You miss the killer bee.
The killer bee stings you but does no damage. x2
You slice the killer bee!!
You kill the killer bee!
No target in view!
No target in view!
You now have 1241 gold pieces (gained 6).
A killer bee comes into view.
The killer bee stings you!
The killer bee buzzes angrily.
You slice the killer bee!!
You kill the killer bee!
Attack whom?
Press: ? - help, Dir - move target cursor, f - killer bee
Aim: a killer bee You reach to attack!
You closely miss the killer bee. The killer bee barely misses you.
You barely miss the killer bee. The killer bee closely misses you. x2
You closely miss the killer bee. The killer bee completely misses you.
The killer bee stings you but does no damage.
You puncture the killer bee!
The killer bee is heavily wounded.
The killer bee stings you.
The killer bee stings you but does no damage.
You hit the killer bee.
The killer bee is poisoned.
The killer bee is severely wounded.
You kill the killer bee!
No target in view!
No target in view!
You now have 1250 gold pieces (gained 9).
A killer bee comes into view.
The killer bee buzzes angrily.
The killer bee stings you but does no damage.
You see here 4 gold pieces.
You slash the killer bee!
You kill the killer bee!
No target in view!
No target in view!
You now have 1254 gold pieces (gained 4).
You now have 1263 gold pieces (gained 9).
You see here 20 sling bullets.
You see here 20 sling bullets.
Found a stone staircase leading down.
There is a stone staircase leading down here.
You see here a leather armour.
An ogre comes into view. It is wielding a giant club.
Found a stone staircase leading down.
Attack whom?
Press: ? - help, Dir - move target cursor, f - ogre
Aim: an ogre, wielding a giant club You reach to attack!
You hit the ogre.
The ogre is poisoned.
The ogre is lightly wounded.
You slice the ogre!!
The ogre is almost dead.
You kill the ogre!
No target in view!
No target in view!
You now have 1277 gold pieces (gained 14).
You see here a giant club.
Partly explored, can't reach some places.
Partly explored, can't reach some places.
Partly explored, can't reach some places.
Partly explored, can't reach some places.
Partly explored, can't reach some places.
Really walk into a travel-excluded area?
You are engulfed in blazing flames.
You are engulfed in blazing flames.
Partly explored, can't reach some places.
Partly explored, can't reach some places.
Partly explored, can't reach some places.
Partly explored, can't reach some places.
You start resting.
HP restored.
Really walk into a travel-excluded area?
You are engulfed in blazing flames.
Really walk into that cloud of flame?
You are engulfed in blazing flames.
You are engulfed in blazing flames.
You are engulfed in blazing flames.
You die...
Your body crumbles into a pile of gold.

#.######## ###...##.#...#
#########........###...#.#......#
..................(.........#.#..
.#####.#####...#########.#..#.#.#
.# #.# #§§§# #........#.#.# .#
#.# #§§.# #####.##.#.#.# .# #.#
#§§§# #..!.......#.#
.#####.#####...#####.........##.#
........§§§.??).@§§..........##.#
######..§§§(..(.§§§..........##..
##.§§§.!...§§§..........####
#####...#####............# #§§§#
#.........##.# #§§§#
#.........##.# #§§§#
###.#.######.# #...# #.#.##...#.#
#############.########.#..#.#.#..


There were no monsters in sight!

Vanquished Creatures
  2 two-headed ogres (D:8)
  Grinder (D:5)
  Menkaure (D:7)
  4 orc warriors (D:7)
  2 ice beasts (D:6)
  3 sky beasts
  A necrophage (D:7)
  3 ogres
  Blork the orc (D:5)
  A bullfrog (D:6)
  2 gnoll sergeants (D:7)
  5 scorpions
  4 killer bees (D:8)
  3 howler monkeys
  5 crimson imps (D:5)
  Crazy Yiuf (D:4)
  2 bullfrog zombies
  2 hounds
  A quasit (D:8)
  A gnoll shaman (D:4)
  A bullfrog skeleton (D:7)
  Natasha (thrice) (D:2)
  5 orc wizards
  4 worker ants
  A hound zombie (D:6)
  A hound skeleton (D:5)
  6 gnolls
  2 howler monkey skeletons
  12 adders
  2 shadow imps (D:5)
  An ooze (D:1)
  2 adder skeletons (D:8)
  A worm (D:2)
  A dart slug (D:1)
  8 leopard geckos
  22 orcs
  2 ball pythons
  8 bats
  5 giant cockroaches
  4 goblins
  9 hobgoblins
  7 jackals
  3 quokkas
  5 frilled lizards
  10 kobolds
  A leopard gecko skeleton (D:6)
  6 rats
177 creatures vanquished.

Vanquished Creatures (others)
  A hound (D:4)
1 creature vanquished.

Grand Total: 178 creatures vanquished

Notes
Turn   | Place    | Note
-------+----------+-------------------------------------------
     0 | D:1      | Mgcat the Mummy Fighter began the quest for the Orb.
     0 | D:1      | Reached XP level 1. HP: 18/18 MP: 1/1
   168 | D:1      | Reached XP level 2. HP: 22/24 MP: 2/2
   169 | D:1      | Reached skill level 2 in Polearms
   534 | D:2      | Reached XP level 3. HP: 20/30 MP: 3/3
   814 | D:2      | Noticed Natasha
   854 | D:2      | Reached skill level 4 in Fighting
   870 | D:2      | Reached skill level 3 in Polearms
   870 | D:2      | Reached XP level 4. HP: 34/37 MP: 4/4
   939 | D:2      | Reached XP level 5. HP: 37/43 MP: 5/5
   953 | D:2      | Killed Natasha
  1239 | D:2      | Noticed Natasha
  1249 | D:2      | Killed Natasha
  1318 | D:2      | Noticed Natasha
  1328 | D:2      | Killed Natasha
  1328 | D:2      | Reached skill level 5 in Fighting
  1430 | D:3      | Found a glowing silver altar of Zin.
  1431 | D:3      | Found an iron altar of Okawaru.
  1432 | D:3      | Found a shimmering altar of Xom.
  1434 | D:3      | Found a sacrificial altar of Ru.
  1436 | D:3      | Found a white marble altar of Elyvilon.
  1436 | D:3      | Found an opulent altar of Gozag.
  1437 | D:3      | Found a basalt altar of Yredelemnul.
  1446 | D:3      | Became a worshipper of Gozag Ym Sagoz the Greedy
  1964 | D:4      | Reached XP level 6. HP: 31/51 MP: 6/6
  2058 | D:4      | Reached skill level 4 in Polearms
  2539 | D:4      | Found a staircase to the Ecumenical Temple.
  2716 | D:4      | Found a runed door.
  2770 | D:5      | Entered Level 5 of the Dungeon
  2822 | D:4      | Noticed Crazy Yiuf
  2827 | D:4      | Killed Crazy Yiuf
  3040 | D:5      | Reached skill level 3 in Shields
  3126 | D:5      | Reached XP level 7. HP: 33/57 MP: 7/7
  3490 | D:5      | Reached skill level 6 in Fighting
  3658 | D:5      | Noticed Grinder
  3662 | D:5      | Paralysed by Grinder for 5 turns
  3667 | D:5      | Killed Grinder
  3667 | D:5      | Reached skill level 5 in Polearms
  3841 | D:5      | Reached XP level 8. HP: 65/65 MP: 8/8
  3843 | D:5      | Reached skill level 7 in Fighting
  4136 | D:5      | Noticed Blork the orc
  4145 | D:5      | Killed Blork the orc
  4206 | D:5      | Reached skill level 6 in Polearms
  4207 | D:5      | Found a burning altar of Makhleb.
  4217 | D:5      | Found a hide-covered altar of Uskayaw.
  4218 | D:5      | Found a glowing golden altar of the Shining One.
  4354 | D:6      | Reached skill level 8 in Fighting
  4546 | D:6      | Reached XP level 9. HP: 43/75 MP: 9/9
  4700 | D:6      | Reached skill level 7 in Polearms
  4979 | D:7      | Reached skill level 9 in Fighting
  5056 | D:7      | Noticed Menkaure
  5065 | D:7      | Killed Menkaure
  5190 | D:7      | HP: 15/77 [orc warrior/battleaxe (15)]
  5985 | D:8      | Noticed a two-headed ogre
  6007 | D:8      | Killed a two-headed ogre
  6007 | D:8      | Reached skill level 10 in Fighting
  6007 | D:8      | Reached skill level 8 in Polearms
  6108 | D:8      | Noticed a two-headed ogre
  6117 | D:8      | Killed a two-headed ogre
  6117 | D:8      | Reached skill level 3 in Armour
  6117 | D:8      | Reached XP level 10. HP: 66/86 MP: 10/10
  6191 | D:8      | Found a radiant altar of Vehumet.
  7121 | D:8      | Engulfed by a cloud of flame

Vault maps used:
D:1:      minmay_arrival_semitransparent
D:2:      first_ration, uniq_natasha
D:3:      grunt_temple_overflow_open, minmay_strange_pillars
D:4:      lemuel_temple_firewalk_b, minmay_misc_feat_tiny,
          uniq_crazy_yiuf_cottage
D:5:      minmay_diamond_boxcup, minitemple, kennysheep_generic_room_11,
          uniq_blork_the_orc, uniq_grinder
D:7:      sword_in_stone, uniq_menkaure
D:8:      overflow_temple_1_default, grunt_ogre_cave, lemuel_flame_loot_1

Skill      XL: |  1  2  3  4  5  6  7  8  9 |
---------------+----------------------------+-----
Polearms       | 2 3 4 5 6 8 |  8.8
Fighting       | 4 5 6 8 10 | 10.6
Shields        | 3 |  3.3
Armour         | 3 |  3.2

Action                   |  1- 3 |  4- 6 |  7- 9 | 10-12 || total
-------------------------+-------+-------+-------+-------++-------
Melee: Trident           |   147 |   285 |    92 |       ||   524
       Halberd           |       |       |   231 |    30 ||   261
  Use: Scroll            |       |     1 |    10 |       ||    11
Armor: Scale mail        |    56 |   111 |   123 |    32 ||   322
Dodge: Dodged            |    28 |    67 |    90 |    19 ||   204
Block: Shield            |    55 |   129 |    27 |       ||   211

Table legend:
 A = Spawn XP
 B = Non-spawn XP
 C = Spawn XP percentage of total XP
 D = Spawn monster count
 E = Non-spawn monster count
 F = Spawn count percentage of total count
 G = Total turns spent on level
                    A         B        C        D         E        F      G
               +---------+---------+-------+---------+---------+-------+---------
         Total |       0 |    6568 |   0.0 |       0 |     177 |   0.0 |  7121
               +---------+---------+-------+---------+---------+-------+---------
           D:1 |       0 |      44 |   0.0 |       0 |      21 |   0.0 |   535
           D:2 |       0 |     284 |   0.0 |       0 |      33 |   0.0 |   835
           D:3 |       0 |      48 |   0.0 |       0 |      19 |   0.0 |   572
           D:4 |       0 |     298 |   0.0 |       0 |      12 |   0.0 |  1105
           D:5 |       0 |    1225 |   0.0 |       0 |      35 |   0.0 |  1196
           D:6 |       0 |    1061 |   0.0 |       0 |      19 |   0.0 |   886
           D:7 |       0 |    1284 |   0.0 |       0 |      25 |   0.0 |   840
           D:8 |       0 |    2324 |   0.0 |       0 |      13 |   0.0 |  1152
               +---------+---------+-------+---------+---------+-------+---------

Vault maps used:
D:1:      minmay_arrival_semitransparent
D:2:      first_ration, uniq_natasha
D:3:      grunt_temple_overflow_open, minmay_strange_pillars
D:4:      lemuel_temple_firewalk_b, minmay_misc_feat_tiny,
          uniq_crazy_yiuf_cottage
D:5:      minmay_diamond_boxcup, minitemple, kennysheep_generic_room_11,
          uniq_blork_the_orc, uniq_grinder
D:7:      sword_in_stone, uniq_menkaure
D:8:      overflow_temple_1_default, grunt_ogre_cave, lemuel_flame_loot_1

Table legend:
 A = Turns spent in this place as a percentage of turns spent in the entire game.
 B = Non-inter-level travel turns spent in this place as a percentage of non-inter-level travel turns spent in the entire game.
 C = Inter-level travel turns spent in this place as a percentage of turns spent in this place.
 D = Turns resting spent in this place as a percentage of non-inter-level travel turns spent in this place.
 E = Turns spent auto-exploring this place as a percentage of non-inter-level travel turns spent in this place.
 F = Non-inter-level travel turns spent in this place divided by the number of levels of this place that you've seen.
                   A       B       C       D       E      F
               +-------+-------+-------+-------+-------+----------------------
         Total | 100.0 | 100.0 |   7.0 |   5.3 |  69.5 | 827.9
       Dungeon | 100.0 | 100.0 |   7.0 |   5.3 |  69.5 | 827.9
               +-------+-------+-------+-------+-------+----------------------

Table legend:
 A = Kills in this place as a percentage of kills in entire the game.
 B = Kills by you in this place as a percentage of kills by you in the entire game.
 C = Kills by friends in this place as a percentage of kills by friends in the entire game.
 D = Other kills in this place as a percentage of other kills in the entire game.
 E = Experience gained in this place as a percentage of experience gained in the entire game.
 F = Experience gained in this place divided by the number of levels of this place that you have seen.
                   A       B       C       D       E      F
               +-------+-------+-------+-------+-------+----------------------
         Total | 100.0 | 100.0 |   N/A |   N/A | 100.0 | 821.0
       Dungeon | 100.0 | 100.0 |   N/A |   N/A | 100.0 | 821.0
               +-------+-------+-------+-------+-------+----------------------
